 Dungeon Crawl Stone Soup version 0.31.0-12-g77e489cdc1 (webtiles) character file.

Game seed: 13773875411833517609

60 MollyMolluskus the Shield-Bearer (level 4, -4/31 HPs)
             Began as an Octopode Fighter on Feb 13, 2024.
             Slain by a gnoll
             ... wielding a +0 club
              (8 damage)
             ... on level 1 of the Dungeon.
             The game lasted 00:04:47 (1133 turns).

MollyMolluskus the Shield-Bearer (Octopode Fighter) Turns: 1133, Time: 00:04:48

Health: -4/31      AC:  1    Str: 17    XL:     4   Next: 4%
Magic:  4/4        EV: 13    Int: 10    God:
Gold:   21         SH:  4    Dex: 11    Spells: 3/3 levels left

rFire   . .          .
                       - Unarmed
rCold   . . .        a - +0 buckler
rNeg    . . .        (helmet restricted)
rPois   .            (no amulet)
rElec   .            (no ring)
rCorr   .            (no ring)
SInv    .            (no ring)
Will    .....        (no ring)
Stlth   +++          (no ring)
HPRegen 0.25/turn    (no ring)
MPRegen 0.09/turn    (no ring)
                     (no ring)

%: no passive effects
@: mighty
A: almost no armour, amphibious, 8 rings, camouflage 1, gelatinous body 1,
(nimble swimmer 1), tentacles
a: no special abilities


You were on level 1 of the Dungeon.
You visited 1 branch of the dungeon, and saw 2 of its levels.

You collected 21 gold pieces.

Inventory:

Missiles
 d - 9 stones (quivered)
 h - 6 poisoned darts
Armour
 a - a +0 buckler (worn)
Scrolls
 c - a scroll of teleportation {unknown}
 e - a scroll of brand weapon {unknown}
 f - a scroll of vulnerability {unknown}
 i - a scroll of blinking {unknown}
 k - a scroll of noise {unknown}
 l - a scroll of fog {unknown}
Potions
 g - a potion of brilliance {unknown}
 j - a potion of lignification {unknown}


   Skills:
 + Level 3.2 Fighting
 + Level 3.3 Dodging
 + Level 1.6 Stealth
 + Level 3.3 Shields
 * Level 3.0 Unarmed Combat


You had 3 spell levels left.
You didn't know any spells.
Your spell library was empty.

Dungeon Overview and Level Annotations

Branches:
Dungeon (2/15)

Altars:

Shops:
D:1 ?


Innate Abilities, Weirdness & Mutations

You cannot wear most types of armour.
You are amphibious.
You can wear up to eight rings at the same time.
Your skin changes colour to match your surroundings (Stealth+).
Your rubbery body absorbs attacks. (AC +1, EV +1)
((You are camouflaged when in or above water. (Stealth+)))
You have tentacles for arms and can constrict up to eight enemies at once.


Message History

The hobgoblin hits you. x2
You tentacle-slap the hobgoblin.
You kill the hobgoblin!
The hobgoblin barely misses you.
You tentacle-slap the hobgoblin. Your grab misses the hobgoblin.
The hobgoblin is severely wounded.
The hobgoblin hits you. The goblin closely misses you.
You tentacle-slap the goblin. You grab the goblin.
The goblin is moderately wounded.
You constrict the goblin. You block the hobgoblin's attack.
Your library has no spells.
You release your grip on the goblin.
You block the goblin's attack. The gnoll hits you with a +0 club!
You climb upwards.
There is a stone staircase leading down here.
The goblin hits you but does no damage. The hobgoblin hits you.
The gnoll barely misses you.
You climb downwards.
The goblin hits you with a +0 dagger. x3
* * * LOW HITPOINT WARNING * * *
There is a stone staircase leading up here.
Unknown command.
The goblin barely misses you. The goblin misses you.
The hobgoblin completely misses you. The gnoll closely misses you.
You climb upwards.
There is a stone staircase leading down here.
You tentacle-slap the gnoll but do no damage.
Your grab misses the gnoll. The goblin hits you with a +0 dagger.
* * * LOW HITPOINT WARNING * * *
You block the goblin's attack.
Unknown command.
You feel very mighty all of a sudden. The gnoll barely misses you.
The hobgoblin hits you.
* * * LOW HITPOINT WARNING * * *
The goblin hits you with a +0 dagger.
* * * LOW HITPOINT WARNING * * *
You block the goblin's attack.
You tentacle-slap the gnoll. Your grab misses the gnoll.
The gnoll is heavily wounded.
The gnoll hits you with a +0 club!
You die...

......# #.#.........'##########'#
......###.#..........##.........#
......'...#.............#########
......##..'...........###
......###.#.........).# ......#
#.#...........# ......#
#.#...........# ......#
#.##...g#g....# ......#
#......g@g##### ......#
##.....#### ......# #.....#
####### #.....# #####
#.....###### .)..# #####......#
###.# #.###### #.# ######.### #.#
#........#


You could see a gnoll, a hobgoblin and 2 goblins.

Vanquished Creatures
  Robin (D:2)
  A gnoll (D:2)
  2 dart slugs (D:1)
  A ball python (D:1)
  3 endoplasms (D:1)
  8 goblins
  5 hobgoblins
  2 quokkas (D:1)
  3 bats (D:1)
  2 frilled lizards (D:1)
  2 kobolds (D:1)
  3 rats (D:1)
33 creatures vanquished.

Notes
Turn   | Place    | Note
-------+----------+-------------------------------------------
     0 | D:1      | MollyMolluskus the Octopode Fighter began the quest for the
                  | Orb.
     0 | D:1      | Reached XP level 1. HP: 16/16 MP: 1/1
   146 | D:1      | Reached XP level 2. HP: 21/21 MP: 2/2
   169 | D:1      | Reached skill level 1 in Stealth
   222 | D:1      | Found Dighata's Magic Scroll Shop.
   435 | D:1      | Reached XP level 3. HP: 21/26 MP: 3/3
  1087 | D:2      | Identified the +0 helmet of the Robin {^Contam Fly rPois
                  | rN+ Regen+}
  1087 | D:2      | Noticed Robin
  1107 | D:2      | Killed Robin
  1110 | D:2      | Reached XP level 4. HP: 30/31 MP: 4/4
  1133 | D:1      | Slain by a gnoll

Illustrated notes

Levels and vault maps discovered:
D:1:      dpeg_arrival_arbitrary_a, layout_basic, serial_shops, shop,
          solitary_fountain, kennysheep_pointless_box
D:2:      layout_basic, dreamdust_ecumenical_altar_statues, uniq_robin

Skill      XL: |  1  2  3 |
---------------+----------+-----
Stealth        | 1 |  1.6
Unarmed Combat | 3 |  3.0
Fighting       | |  3.2
Dodging        | |  3.3
Shields        | |  3.3

Action                     |  1- 3 |  4- 6 || total
---------------------------+-------+-------++-------
  Melee: Unarmed           |    75 |     8 ||    83
         Tentacles         |    14 |     1 ||    15
         Constrict         |    12 |     1 ||    13
  Throw: Stone             |     1 |       ||     1
    Use: Potion            |       |     1 ||     1
   Stab: Sleeping          |     8 |       ||     8
 Armour: Skin              |    21 |    13 ||    34
  Dodge: Dodged            |    36 |     9 ||    45
  Block: Buckler           |    13 |     5 ||    18
